 Dungeon Sprint DCSS version 0.27-a0-1202-ge72e49191c (webtiles) character file.

Game seed: 12873968048871331627

5504 mhtbhm the Ripper (level 10, -13/78 HPs)
             Began as a Felid Berserker on June 4, 2021.
             Was the Champion of Trog.
             Shot with a silver bolt by a pristine statue (28 damage)
             ... in the Dungeon (Sprint III: "The Ten Rune Challenge").
             The game lasted 00:06:23 (3203 turns).

mhtbhm the Ripper (Felid Berserker)                 Turns: 3203, Time: 00:06:24

Health: -13/78     AC:  2    Str: 16    XL:     10   Next: 42%
Magic:  11/11      EV: 29    Int: 10    God:    Trog [******]
Gold:   1385       SH:  5    Dex: 15    Spells: 9/9 levels left
                                        Lives:  0   Deaths: 2

rFire    . . .     SeeInvis +     - Unarmed
rCold    . . .     Faith    .   (shield unavailable)
rNeg     . . .     Spirit   .   (armour unavailable)
rPois    .         Reflect  +   (helmet unavailable)
rElec    .         Harm     .   (cloak unavailable)
rCorr    .         Rampage  .   (gloves unavailable)
Will     +....     Clarity  +   (boots unavailable) Stlth ..........NoTele +
                                b - amulet of reflection
HPRegen  0.23/turn              (no ring)
MPRegen  0.12/turn              (no ring)

@: berserking, glowing, very quick
A: very small, claws 1, fangs 3, see invisible, speed 1, shaggy fur 2, stealthy
paws, no weapons or thrown items, no armour, multi-lived, clarity
a: Renounce Religion, Berserk, Trog's Hand, Brothers in Arms


You were in the Dungeon.
You worshipped Trog.
Trog was exalted by your worship.
You visited 1 branch You collected 2260 gold pieces.
You spent 875 gold pieces at shops.

Inventory:

Jewellery
 b - an amulet of reflection (around neck)
Wands
 m - a wand of iceblast (4)
Scrolls
 f - 3 scrolls of blinking
 g - a scroll of immolation {unknown}
 h - 2 scrolls of identify
 j - 2 scrolls of holy word
 k - 3 scrolls of fear
 p - a scroll of magic mapping
 r - a scroll of fog
Potions
 a - 3 potions of curing
 c - a potion of haste
 d - 2 potions of magic
 e - 2 potions of berserk rage
 i - 2 potions of flight {unknown}
 l - 4 potions of mutation
 n - 2 potions of might
Miscellaneous
 o - a tin of tremorstones (inert)


   Skills:
 + Level 11.6 Fighting
 + Level 18.3 Dodging
 + Level 16.6 Stealth
 + Level 20.1 Unarmed Combat
 + Level 4.1 Evocations


You had 9 spell levels left.
You didn't know any spells.
Your spell library was empty.

Dungeon Overview and Level Annotations

Branches:
Dungeon (1/1)

Altars:
Cheibriados
Dithmenos
Elyvilon
Fedhas
Gozag
Hepliaklqana
Kikubaaqudgha
Makhleb
Nemelex Xobeh
Okawaru
Qazlal
Ru
Sif Muna
Trog
Uskayaw
Vehumet
Wu Jian
Xom
Yredelemnul
Zin
The Shining One
Beogh
Jiyva
Lugonu

Shops:
D [![[![(??(:=([![

Annotations:
D exclusions: obsidian statue and 4 statues, Mennas


Innate Abilities, Weirdness & Mutations

You have sharp claws.
You have razor-sharp teeth.
You have supernaturally acute eyesight. (SInv)
You cover ground quickly. (Speed+)
You are covered in thick fur. (AC +2)
Your paws help you pounce on unaware monsters.
You are incapable of wielding weapons or throwing items.
You cannot wear armour.
You gain extra lives every three experience levels.
You possess an exceptional clarity of mind.


Message History

The pristine statue shoots a silver bolt.
The silver bolt misses you.
The silver bolt hits the pristine statue!
Marking area around 4 statues as unsafe for travelling.
Unknown command.
Unknown command.
The tremorstone explodes into fragments!
The burst of rock shards engulfs the spriggan defender!
The burst of rock shards engulfs you!
The burst of rock shards engulfs Mennas but does no damage.
The burst of rock shards engulfs the spriggan defender!!
The burst of rock shards engulfs Mennas!
The burst of rock shards engulfs the titan zombie!!
The tin is emptied!
The pristine statue shoots a silver bolt.
The silver bolt misses you.
The pristine statue shoots a silver bolt.
The silver bolt completely misses you.
The silver bolt completely misses the pristine statue.
Unknown command.
Unknown command.
Unknown command.
Unknown command.
Unknown command.
The tin of tremorstones is presently inert.
Unknown command.
Unknown command.
Unknown command.
Okay, then.
A red film seems to cover your vision as you go berserk!
You feel yourself moving faster!
You feel mighty!
The spriggan defender completely misses you.
The pristine statue shoots a silver bolt.
The silver bolt hits you!!
* * * LOW HITPOINT WARNING * * *
The silver sears you!
* * * LOW HITPOINT WARNING * * *
The pristine statue shoots a silver bolt.
The silver bolt hits you!!
You die...

#.#. #... #...
######### ###+
#8≈....≈8
#≈Z.....≈#..
#........#'###
#.A......'...+
#@i......#*###
#≈......≈#≈≈≈#
#8≈....≈8#C#'#
####''####)#°#
.....#+#####
###.#.)'∩∩#
##.####∩∩#
.4###..Z###..#..
.33.3.4†..'..'..


You could see Mennas, 4 pristine statues, a spriggan defender and a titan
zombie.

Vanquished Creatures
  Harold (D)
  Roxanne (D)
  A mummy priest (D)
  A centaur warrior (D)
  2 orc high priests (D)
  Erica (D)
  2 skeletal warriors (D)
  An anaconda zombie (D)
  A golden dragon zombie (D)
  Joseph (D)
  2 oklob plants (D)
  5 deep elf pyromancers (D)
  3 crystal guardians (D)
  An unseen horror (D)
  A spriggan defender (D)
  3 wandering mushrooms (D)
  A hornet (D)
  A shadow (D)
  A spatial vortex (D)
  A hydra simulacrum (D)
  A necrophage (D)
  2 centaurs (D)
  An earth elemental (D)
  A water elemental (D)
  A jelly (D)
  3 orc priests (D)
  A wizard (D)
  An orc wizard (D)
  A necromancer (D)
  3 humans (D)
  A kobold demonologist (D)
  A wolf (D)
  7 orcs (D)
  An endoplasm (D)
  3 rats (D)
59 creatures vanquished.

Vanquished Creatures (collateral kills)
  An orc high priest (D)
  2 orc knights (D)
  A spriggan defender (D)
  5 orc warriors (D)
  An orc (D)
10 creatures vanquished.

Vanquished Creatures (others)
  A deep elf blademaster (D)
  Nessos (D)
  A molten gargoyle (D)
  A hellion (D)
  3 yaktaurs (D)
  3 ball lightnings (D)
  A ballistomycete spore (D)
  41 plants (D)
52 creatures vanquished.

Grand Total: 121 creatures vanquished

Notes
Turn   | Place    | Note
-------+----------+-------------------------------------------
     0 | D        | mhtbhm the Felid Berserker began the quest for the Orb.
     0 | D        | Reached XP level 1. HP: 10/10 MP: 2/2
   117 | D        | Reached ** piety under Trog
   193 | D        | Reached skill level 5 in Dodging
   193 | D        | Reached skill level 4 in Unarmed Combat
   193 | D        | Reached XP level 2. HP: 15/15 MP: 3/3
   262 | D        | Reached skill level 1 in Stealth
   262 | D        | Reached XP level 3. HP: 18/18 MP: 4/4
   352 | D        | Gained mutation: You possess an exceptional clarity of
                  | mind. [potion of mutation]
   356 | D        | Noticed a water elemental
   361 | D        | Killed a water elemental
   361 | D        | Reached *** piety under Trog
   362 | D        | Reached skill level 5 in Fighting
   362 | D        | Reached skill level 6 in Unarmed Combat
   362 | D        | Reached XP level 4. HP: 24/24 MP: 5/5
   417 | D        | Found a radiant altar of Vehumet.
   418 | D        | Found a shimmering blue altar of Sif Muna.
   418 | D        | Found an ancient bone altar of Kikubaaqudgha.
   418 | D        | Noticed a wizard
   419 | D        | Killed a wizard
   424 | D        | Noticed a chaos spawn
   424 | D        | Reached **** piety under Trog
   425 | D        | Reached XP level 5. HP: 27/27 MP: 6/6
   476 | D        | Found a glowing silver altar of Zin.
   476 | D        | Found a glowing golden altar of the Shining One.
   476 | D        | Found a white marble altar of Elyvilon.
   477 | D        | Noticed a deep elf pyromancer
   487 | D        | Killed a deep elf pyromancer
   488 | D        | Reached skill level 10 in Dodging
   488 | D        | Reached skill level 9 in Unarmed Combat
   488 | D        | Gained mutation: You are covered in thick fur. (AC +2)
                  | [Felid growth]
   488 | D        | Reached XP level 6. HP: 4/34 MP: 7/7
   488 | D        | Reached XP level 7. HP: 4/37 MP: 8/8
   766 | D        | Found a shadowy altar of Dithmenos.
   767 | D        | Found a basalt altar of Yredelemnul.
   767 | D        | Found a sacrificial altar of Ru.
   771 | D        | Reached skill level 10 in Unarmed Combat
   864 | D        | Found a hide-covered altar of Uskayaw.
   864 | D        | Found an iron altar of Okawaru.
   864 | D        | Found a bloodstained altar of Trog.
   864 | D        | Found an ornate altar of the Wu Jian Council.
   864 | D        | Noticed a human
   864 | D        | Noticed a human
   871 | D        | Killed a human
   871 | D        | Reached ***** piety under Trog
   872 | D        | Reached skill level 5 in Stealth
   958 | D        | Killed a human
   959 | D        | Reached skill level 11 in Unarmed Combat
  1018 | D        | Noticed a shadow
  1020 | D        | Killed a shadow
  1021 | D        | Reached XP level 8. HP: 43/43 MP: 9/9
  1025 | D        | Reached skill level 10 in Fighting
  1028 | D        | Found a blossoming altar of Fedhas.
  1028 | D        | Found a stormy altar of Qazlal.
  1028 | D        | Found a snail-covered altar of Cheibriados.
  1028 | D        | Found a burning altar of Makhleb.
  1028 | D        | Found a shimmering altar of Xom.
  1029 | D        | Found a hazy altar of Hepliaklqana.
  1029 | D        | Found an opulent altar of Gozag.
  1029 | D        | Found a sparkling altar of Nemelex Xobeh.
  1029 | D        | Found a corrupted altar of Lugonu.
  1029 | D        | Found a viscous altar of Jiyva.
  1050 | D        | Noticed Erica
  1057 | D        | Killed Erica
  1058 | D        | Reached skill level 12 in Unarmed Combat
  1147 | D        | Noticed a centaur warrior
  1149 | D        | Reached ****** piety under Trog
  1150 | D        | Reached skill level 13 in Unarmed Combat
  1150 | D        | Reached XP level 9. HP: 47/47 MP: 10/10
  1157 | D        | Killed a centaur warrior
  1303 | D        | Noticed an unseen horror
  1304 | D        | Killed an unseen horror
  1305 | D        | Reached skill level 10 in Stealth
  1305 | D        | Reached skill level 14 in Unarmed Combat
  1309 | D        | Noticed a wandering mushroom
  1313 | D        | Noticed a wandering mushroom
  1315 | D        | Noticed a wandering mushroom
  1437 | D        | Killed a wandering mushroom
  1443 | D        | Killed a wandering mushroom
  1547 | D        | Found Ritayl's Armour Emporium.
  1547 | D        | Noticed an orc high priest
  1547 | D        | Noticed an orc high priest
  1547 | D        | Noticed an orc knight
  1547 | D        | Noticed an orc knight
  1557 | D        | Killed an orc high priest
  1558 | D        | Reached skill level 15 in Dodging
  1558 | D        | Reached skill level 15 in Unarmed Combat
  1558 | D        | Reached XP level 10. HP: 52/52 MP: 11/11
  1572 | D        | Killed an orc knight
  1575 | D        | Killed an orc knight
  1577 | D        | Killed an orc high priest
  1579 | D        | Reached skill level 1 in Evocations
  1778 | D        | Noticed a deep elf pyromancer
  1778 | D        | Noticed a deep elf pyromancer
  1778 | D        | Noticed a deep elf pyromancer
  1778 | D        | Noticed a deep elf pyromancer
  1778 | D        | Noticed a deep elf pyromancer
  1787 | D        | Killed a deep elf pyromancer
  1788 | D        | Reached skill level 16 in Unarmed Combat
  1791 | D        | Killed a deep elf pyromancer
  1794 | D        | Killed a deep elf pyromancer
  1799 | D        | Killed a deep elf pyromancer
  1800 | D        | Noticed a deep elf demonologist
  1953 | D        | Noticed Harold
  1953 | D        | Noticed Joseph
  1964 | D        | Killed Harold
  1965 | D        | Reached skill level 17 in Unarmed Combat
  1965 | D        | Reached XP level 11. HP: 55/55 MP: 12/12
  1970 | D        | Killed Joseph
  2146 | D        | Noticed an obsidian statue
  2153 | D        | Found Bimuz's Antique Weapon Emporium.
  2153 | D        | Found Powkat's Jewellery Shop.
  2153 | D        | Found Vepi's Armour Shoppe.
  2153 | D        | Found Dungecw's Magic Scroll Boutique.
  2153 | D        | Found Vaqig's Book Emporium.
  2153 | D        | Found Fiew's Distillery.
  2153 | D        | Found Ihugism's Antique Armour Emporium.
  2153 | D        | Found Pannijum's Antique Weapon Boutique.
  2154 | D        | Found Ynnutiw's Magic Scroll Boutique.
  2154 | D        | Found Zag Lufe's Weapon Shop.
  2154 | D        | Found Wenockoh's Antique Armour Emporium.
  2188 | D        | Bought an amulet of reflection for 360 gold pieces
  2197 | D        | Bought a scroll of fear for 42 gold pieces
  2197 | D        | Bought a scroll of fear for 42 gold pieces
  2197 | D        | Bought a scroll of magic mapping for 42 gold pieces
  2197 | D        | Bought a scroll of identify for 24 gold pieces
  2203 | D        | Bought a potion of heal wounds for 65 gold pieces
  2203 | D        | Bought a potion of curing for 39 gold pieces
  2203 | D        | Bought a potion of curing for 39 gold pieces
  2203 | D        | Bought a potion of might for 52 gold pieces
  2205 | D        | Bought a scroll of fog for 20 gold pieces
  2205 | D        | Bought a scroll of holy word for 75 gold pieces
  2205 | D        | Bought a scroll of blinking for 75 gold pieces
  2212 | D        | Noticed a crystal guardian
  2212 | D        | Noticed a crystal guardian
  2212 | D        | Noticed a crystal guardian
  2212 | D        | Noticed a crystal guardian
  2213 | D        | Killed a crystal guardian
  2219 | D        | Killed a crystal guardian
  2220 | D        | Reached skill level 18 in Unarmed Combat
  2223 | D        | Killed a crystal guardian
  2224 | D        | Reached skill level 15 in Stealth
  2230 | D        | Killed from afar by a crystal guardian
  2231 | D        | Reached XP level 10. HP: -4/78 MP: 11/11
  2386 | D        | Found Ehoe's Distillery.
  2386 | D        | Found Obafoeq's Armour Shop.
  2386 | D        | Found Focseal's Armour Shop.
  2386 | D        | Found Xoaw's Distillery.
  2386 | D        | Noticed an oklob plant
  2386 | D        | Noticed a skeletal warrior
  2387 | D        | Noticed an oklob plant
  2387 | D        | Noticed a skeletal warrior
  2387 | D        | Noticed a mummy priest
  2389 | D        | Killed an oklob plant
  2390 | D        | Killed an oklob plant
  2399 | D        | Identified Roxanne's Catalogue of Shape Shifting
  2399 | D        | Noticed Roxanne
  2407 | D        | Killed a mummy priest
  2407 | D        | Noticed a shadow wraith
  2408 | D        | Reached skill level 19 in Unarmed Combat
  2658 | D        | Killed a skeletal warrior
  2659 | D        | Reached XP level 11. HP: 22/55 MP: 12/12
  2811 | D        | Killed a skeletal warrior
  2940 | D        | Killed Nessos
  3141 | D        | Killed a deep elf blademaster
  3180 | D        | Noticed a sun demon
  3180 | D        | Noticed a hell beast
  3182 | D        | Noticed a hell beast
  3188 | D        | Noticed a sun demon
  3188 | D        | Noticed a soul eater
  3189 | D        | Noticed a soul eater
  3198 | D        | Killed Roxanne
  3199 | D        | Reached skill level 20 in Unarmed Combat
  3199 | D        | HP: 3/84 [anaconda zombie (3)]
  3200 | D        | Demolished by a sun demon
  3201 | D        | Reached XP level 10. HP: -19/78 MP: 11/11
  3201 | D        | Noticed a pristine statue
  3201 | D        | Noticed a pristine statue
  3201 | D        | Noticed Mennas
  3201 | D        | Noticed a pristine statue
  3201 | D        | Noticed a pristine statue
  3203 | D        | Shot with a silver bolt by a pristine statue

Illustrated notes

Levels and vault maps discovered:
D:        dungeon_sprint_mu [sprint_mu_entry_cave, sprint_mu_temple_rooms,
          sprint_mu_d1_horrors, sprint_mu_d2_genie, sprint_mu_d3_branching,
          sprint_mu_orc_legion, sprint_mu_elf_gauntlet, sprint_mu_hive_nellie,
          sprint_mu_lair_fedhas, sprint_mu_vaults_butterflies,
          sprint_mu_slime_circle, sprint_mu_swamp_cave, sprint_mu_shoals_kraken,
          sprint_mu_blade_basic, sprint_mu_crypt_chambers,
          sprint_mu_tomb_spiral, sprint_mu_vestibule_basic,
          sprint_mu_gehenna_hellfire, sprint_mu_dis_giant,
          sprint_mu_tartarus_statrot, sprint_mu_cocytus_islands, sprint_mu_zot1]

Skill      XL: |  1  2  3  4  5  6  7  8  9 10 11 |
---------------+----------------------------------+-----
Fighting       | 4 5 6 8 9 10 11 | 11.6
Dodging        | 5 6 7 8 10 12 13 15 16 18 | 18.3
Unarmed Combat | 4 6 9 11 13 15 19 20 | 20.1
Stealth        | 1 2 4 5 8 11 14 16 | 16.6
Evocations     | 3 4 |  4.1

Action                   |  1- 3 |  4- 6 |  7- 9 | 10-12 || total
-------------------------+-------+-------+-------+-------++-------
Melee: Unarmed           |    23 |    12 |    46 |   106 ||   187
       Bite              |     4 |     1 |     9 |    15 ||    29
       Punch             |       |     1 |     3 |     8 ||    12
Invok: Berserk           |     3 |     2 |     7 |    10 ||    22
       Brothers in Arms  |       |       |     1 |     3 ||     4
Evoke: Tin of tremorston |       |       |     1 |     5 ||     6
       Wand              |       |       |       |     1 ||     1
  Use: Potion            |     1 |       |       |     3 ||     4
 Stab: Sleeping          |     1 |     1 |     6 |     5 ||    13
Armor: Skin              |     1 |       |       |     1 ||     2
Dodge: Dodged            |    11 |     5 |    47 |    76 ||   139
Block: Other             |       |       |       |    12 ||    12
       Reflection        |       |       |       |     1 ||     1

Table legend: (Time is in decaauts)
 A = Elapsed time spent in this place.
 B = Non-inter-level travel time spent in this place.
 C = Inter-level travel time spent in this place.
 D = Time resting spent in this place.
 E = Time spent auto-exploring this place.
 F = Levels seen in this place.
 G = Mean time per level.
                   A        B        C        D        E       F      G
               +--------+--------+--------+--------+--------+-----+--------+
         Total |   3235 |   3235 |      0 |   2484 |     52 |   1 | 3235.0 |
       Dungeon |   3235 |   3235 |      0 |   2484 |     52 |   1 | 3235.0 |
               +--------+--------+--------+--------+--------+-----+--------+

Top non-repeatable levels by time:
       D: 3235 daAuts
